 Dungeon Crawl Stone Soup version 0.14-a0-788-g14b720c (webtiles) character file.

601 miro the Ruinous (level 6, -1/36 HPs)
             Began as a High Elf Conjurer on Nov 10, 2013.
             Slain by a killer bee (4 damage)
             ... on Level 4 of the Dungeon.
             The game lasted 00:43:22 (4440 turns).

miro the Ruinous (High Elf Conjurer)                Turns: 4440, Time: 00:43:22

HP  -1/36        AC  5     Str  7      XL: 6   Next: 91%
MP   6/18        EV 14     Int 20      God:
Gold 109         SH  0     Dex 17      Spells:  2 memorised,  9 levels left

Res.Fire  : . . .   See Invis. : .   w - +0 falchion
Res.Cold  : . . .   Warding    : .   d - +2 robe
Life Prot.: . . .   Conserve   : .   (no shield)
Res.Poison: .       Res.Corr.  : .   (no helmet)
Res.Elec. : .       Clarity    : .   (no cloak)
Sust.Abil.: . .     Spirit.Shd : .   y - +0 pair of gloves
Res.Mut.  : .       Stasis     : .   (no boots)
Res.Rott. : .       Flight     : .   (no amulet)
Saprovore : . . .                    (no ring)
                                     (no ring)

@: mildly poisoned, slightly resistant to hostile enchantments, stealthy
A: no striking features
a: no special abilities


You were on level 4 of the Dungeon.
You were hungry.

You visited 1 branch of the dungeon, and saw 4 of its levels.

You collected 109 gold pieces.

Inventory:

Hand weapons
 j - a +0,+1 orcish dagger
 w - a +0,+0 falchion (weapon)
 x - a +0,+1 orcish hand axe
Missiles
 a - 34 darts
 f - 4 darts of flame (quivered)
Armour
 d - a +2 robe (worn)
 e - a +0 buckler
 y - a +0 pair of gloves (worn)
Magical devices
 A - a wand of fireball (5) {unknown}
Comestibles
 b - 5 bread rations
 o - 2 apples
 t - a rambutan
 u - a pear
 B - a rotting chunk of quokka flesh
Scrolls
 g - a scroll of curse jewellery {unknown}
 h - a scroll of magic mapping {unknown}
 k - 2 scrolls of blinking {unknown}
 l - 2 scrolls of random uselessness {unknown}
 m - 6 scrolls of teleportation {unknown}
 p - 5 scrolls of identify {unknown}
 r - a scroll of enchant armour {unknown}
 s - a scroll of noise {unknown}
 z - a scroll of enchant weapon II {unknown}
 C - a scroll of remove curse {unknown}
Potions
 i - 2 potions of speed {unknown}
 n - a potion of might
 q - a potion of poison {unknown}
Books
 c - a book of Conjurations

   Spells                             Type                      Level
   *Magic Dart                        Conjuration                  1
   Searing Ray                        Conjuration                  2
   *Dazzling Spray                    Conjuration/Hexes            3
   Iskenderun's Mystic Blast          Conjuration                  4
   Iskenderun's Battlesphere          Conjuration/Charms           4
   Fulminant Prism                    Conjuration/Hexes            5


   Skills:
 + Level 0.5 Long Blades
 + Level 0.7 Throwing
 + Level 3.8 Dodging
 + Level 3.3 Stealth
 + Level 4.0 Spellcasting
 + Level 6.8 Conjurations
 + Level 1.1 Hexes


You had 9 spell levels left.
You knew the following spells:

 Your Spells              Type           Power        Failure   Level  Hunger
a - Magic Dart            Conj           ####         1%          1    None
b - Dazzling Spray        Conj/Hex       ###.....     10%         3    ###....


Dungeon Overview and Level Annotations

Branches:
Dungeon (4/27)
 Temple: D:4-7

Altars:
Nemelex Xobeh
Trog


Message History

Confirm with . or Enter, or press ? or * to list all spells.
Aiming: Magic Dart
Press: ? - help, Shift-Dir - straight line, f/p - killer bee
Aim: a killer bee (moderately wounded)
The magic dart hits the killer bee.
The killer bee is heavily wounded.
The killer bee stings you.
* * * LOW HITPOINT WARNING * * *
You are more poisoned.
The killer bee poisons you!
Casting: Magic Dart
Confirm with . or Enter, or press ? or * to list all spells.
Aiming: Magic Dart
Press: ? - help, Shift-Dir - straight line, f/p - killer bee
Aim: a killer bee (heavily wounded)
The magic dart hits the killer bee.
The killer bee is severely wounded.
* * * LOW HITPOINT WARNING * * *
You feel sick. The killer bee stings you.
You die...

### ..# #.# #.#
######.# #.)kkk># #
#%####@# #.# #.# #.#
#.# ###########.# #.#
...#.......k# #.#
##.#........####.#...
.....................
....k..(..##.........
......##.####......#


You could see 3 killer bees.

Vanquished Creatures
  Edmund (D:4)
  The ghost of Fv001 the Ruinous, an average DrCj (D:3)
  Sigmund (D:3)
  A hound (D:4)
  An orc priest (D:3)
  9 adders
  A worm (D:3)
  2 giant geckos
  10 orcs
  7 bats
  8 giant cockroaches
  6 hobgoblins
  7 jackals
  4 giant newts
  9 goblins
  5 kobolds
  A quokka (D:4)
  6 rats
80 creatures vanquished.

Notes
Turn   | Place    | Note
--------------------------------------------------------------
     0 | D:1      | miro, the High Elf Conjurer, began the quest for the Orb.
     0 | D:1      | Reached XP level 1. HP: 11/11 MP: 4/4
   463 | D:1      | Reached XP level 2. HP: 17/17 MP: 2/5
   635 | D:1      | Reached skill level 5 in Conjurations
  1423 | D:2      | Reached XP level 3. HP: 19/21 MP: 3/8
  1596 | D:2      | Learned a level 3 spell: Dazzling Spray
  2026 | D:3      | Reached XP level 4. HP: 27/27 MP: 2/11
  2525 | D:3      | Found a sparkling altar of Nemelex Xobeh.
  2763 | D:3      | Noticed Sigmund
  2770 | D:3      | Reached skill level 6 in Conjurations
  2770 | D:3      | Reached XP level 5. HP: 31/31 MP: 8/13
  3101 | D:3      | Killed Sigmund
  3110 | D:3      | Noticed Fv001's ghost (average DrCj)
  3135 | D:3      | Killed Fv001's ghost
  3135 | D:3      | Reached XP level 6. HP: 3/36 MP: 1/17
  4149 | D:4      | Found a bloodstained altar of Trog.
  4161 | D:4      | Noticed Edmund
  4200 | D:4      | Killed Edmund
  4200 | D:4      | Reached skill level 1 in Hexes
  4440 | D:4      | Slain by a killer bee

Action                   |  1- 3 |  4- 6 || total
-------------------------+-------+-------++-------
Melee: Dagger            |    12 |     3 ||    15
       Falchion          |       |    47 ||    47
Throw: Dart              |     8 |       ||     8
 Cast: Magic Dart        |    65 |   124 ||   189
       Dazzling Spray    |     2 |    14 ||    16
  Use: Potion            |       |     4 ||     4
